Match 47209335
Unlisted

Match 47209335
End
Construct Section Command Post
Vickers Machine Gun Team
Infantry Section
Infantry Section
Infantry Section
Construct Platoon Command Post
Selects Air and Sea Battlegroup
Selects Supply Surplus
Construct Resource Cache
Unlock M3 Stuart Light Tanks
Construct Field Infirmary
Forward Retreat Point
M3 Stuart Light Tank
Selects Commando Section Paradrop
Selects M1 Pack Howitzer Paradrop
M3 Stuart Light Tank
Construct Resource Cache
Construct Resource Cache
Construct Resource Cache
M1 Pack Howitzer Paradrop
Construct Company Command Post
Selects Incendiary Bombing Run
Selects UNKNOWN (223837)
Incendiary Bombing Run
Unlock M3 Grant Medium Tanks
SteelRain
Κατσίκα
~TAB~ THUND3RCHUNKY
kitoune
0
0

Comments sign in to comment!

No comments posted yet!